 Seeded DCSS version 0.30.1 (webtiles) character file.

Game seed: 7229806256980976716 (custom seed)

8 McKennaii the Conjurer (level 1, 0/14 HPs)
             Began as a Demigod Conjurer on July 13, 2023.
             Slain by a jackal (2 damage)
             ... on level 1 of the Dungeon.
             The game lasted 00:00:10 (359 turns).

McKennaii the Conjurer (Demigod Conjurer)            Turns: 359, Time: 00:00:10

Health: 0/14       AC:  2    Str:  8    XL:     1   Next: 80%
Magic:  2/5        EV: 12    Int: 20    God:
Gold:   17         SH:  0    Dex: 12    Spells: 3/4 levels left

rFire   . . .        (no weapon)
rCold   . . .        (no shield)
rNeg    . . .        a - +0 robe
rPois   .            (no helmet)
rElec   .            (no cloak)
rCorr   .            (no gloves)
SInv    .            (no boots)
Will    .....        (no amulet)
Stlth   ++           (no ring)
HPRegen 0.22/turn    (no ring)
MPRegen 0.09/turn

%: no passive effects
@: no status effects
A: high MP 1, forlorn, divine attributes
a: no special abilities


You were on level 1 of the Dungeon.
You visited 1 branch of the dungeon, and saw 1 of its levels.

You collected 17 gold pieces.

Inventory:

Missiles
 c - a throwing net
Armour
 a - a +0 robe (worn)
Scrolls
 d - 2 scrolls of amnesia {unknown}
 e - a scroll of identify {unknown}
 f - a scroll of blinking {unknown}
Potions
 b - a potion of magic
 g - a potion of mutation {unknown}


   Skills:
 - Level 1.7 Dodging
 - Level 1.7 Stealth
 + Level 2.1 Spellcasting
 + Level 3.8 Conjurations


You had 3 spell levels left.
You knew the following spells:

 Your Spells              Type           Power      Damage    Failure   Level
a - Magic Dart            Conj           68%        1d6       3%          1

Your spell library contained the following spells:

 Spells                   Type           Power      Damage    Failure   Level
 Searing Ray              Conj           34%        2d5       4%          2
 Dazzling Flash           Conj/Hex       18%        N/A       22%         3
 Fulminant Prism          Conj/Hex       4%         3d5       56%         4
 Iskenderun's Mystic Bla  Conj/Tloc      9%         2d4       56%         4


Dungeon Overview and Level Annotations

Branches:
Dungeon (1/15)


Innate Abilities, Weirdness & Mutations

You have an increased reservoir of magic. (+10% MP)
You shall have no god before yourself.
Your divine heritage dramatically boosts your attributes as you level up.


Message History

A hobgoblin comes into view.
The magic dart hits the jackal.
The jackal is heavily wounded.
The hobgoblin shouts!
A jackal comes into view.
The jackal moves out of view.
There are monsters nearby!
The magic dart hits the jackal but does no damage.
The jackal completely misses you.
There are monsters nearby!
You hit the jackal but do no damage. The jackal misses you.
A jackal comes into view.
The magic dart hits the jackal.
You kill the jackal!
The jackal closely misses you. The quokka barely misses you.
The jackal bites you.
You closely miss the quokka. The quokka bites you.
The jackal closely misses you.
There are monsters nearby!
The magic dart hits the quokka.
The quokka is moderately wounded.
The jackal misses you.
The quokka bites you but does no damage.
The jackal closely misses you. The quokka bites you.
You hit the hobgoblin but do no damage. The jackal bites you.
The jackal bites you but does no damage.
The quokka misses you. The hobgoblin closely misses you.
You barely miss the hobgoblin.
The jackal bites you but does no damage.
The jackal bites you. The quokka barely misses you.
The hobgoblin completely misses you.
You barely miss the hobgoblin. The jackal barely misses you. x2
The quokka completely misses you. The jackal bites you.
* * * LOW HITPOINT WARNING * * *
The jackal closely misses you. The hobgoblin closely misses you.
You hit the hobgoblin but do no damage. The quokka barely misses you.
The jackal bites you.
* * * LOW HITPOINT WARNING * * *
The jackal bites you.
You die...

#.#####.............
#......###..†###.###
# #.##..#.#.## #.#
#.#.##.#.##.# #.#
#####.#.##.#.##>#
#.#
..>...#.#....##.#
#.... ..........#..#
.# #####
......rg#†...# .#
.$#.###@##.#.# .#
#hh...... #....(..##
.###[#..# . .#....
.. .†.### #. . ## .#


You could see a quokka, 2 jackals and a hobgoblin.

Vanquished Creatures
  3 bats (D:1)
  A hobgoblin (D:1)
  A jackal (D:1)
  A quokka (D:1)
  A frilled lizard (D:1)
7 creatures vanquished.

Notes
Turn   | Place    | Note
-------+----------+-------------------------------------------
     0 | D:1      | McKennaii the Demigod Conjurer began the quest for the Orb.
     0 | D:1      | Reached XP level 1. HP: 14/14 MP: 5/5
   359 | D:1      | Slain by a jackal

Illustrated notes

Levels and vault maps discovered:
D:1:      spicycebolla_arrival_ecumenical, layout_loops_ring

Skill      XL: |  1 |
---------------+----+-----
Spellcasting   | 2 |  2.1
Dodging        | |  1.7
Stealth        | |  1.7
Conjurations   | |  3.8

Action                     || total
---------------------------++-------
  Melee: Unarmed           ||     6
   Cast: Magic Dart        ||    17
 Armour: Robe              ||     5
  Dodge: Dodged            ||    17
